 Dungeon Crawl Stone Soup version 0.30-a0-715-gdb4ae3ece1 (webtiles) character file.

Game seed: 4227112363854053911

116 hikkokomori the Shooter (level 4, 0/37 HPs)
             Began as a Mummy Hunter on Jan 24, 2023.
             Slain by an adder (2 damage)
             ... on level 4 of the Dungeon.
             The game lasted 00:01:59 (1760 turns).

hikkokomori the Shooter (Mummy Hunter)              Turns: 1760, Time: 00:02:00

Health: 0/37       AC:  3    Str: 14    XL:     4   Next: 69%
Magic:  4/4        EV: 11    Int:  8    God:
Gold:   130        SH:  0    Dex: 17    Spells: 3/3 levels left

rFire   x . .      SeeInvis .    a - +0 shortbow
rCold   + . .      Faith    +    (shield currently unavailable)
rNeg    + + +      Spirit   .    c - +0 leather armour
rPois   ∞          Reflect  .    (no helmet)
rElec   .          Harm     .    (no cloak)
rCorr   .          Rampage  .    (no gloves)
Will    .....                    (no boots)
Stlth   ++                       (no amulet)
HPRegen 0.26/turn                (no ring)
MPRegen 0.09/turn                (no ring)

@: no status effects
A: cold resistance 1, negative energy resistance 3, torment resistance 2, heat
vulnerability 1, in touch with death 1, no potions, faith
a: no special abilities


You were on level 4 of the Dungeon.
You visited 1 branch of the dungeon, and saw 4 of its levels.

You collected 130 gold pieces.

Inventory:

Hand Weapons
 a - a +0 shortbow (weapon)
Armour
 c - a +0 leather armour (worn)
Magical Staves
 d - a staff of air
Scrolls
 b - 3 scrolls of immolation
 e - 2 scrolls of fear {unknown}
 g - 2 scrolls of identify {unknown}
 h - a scroll of fog {unknown}
 i - a scroll of enchant armour {unknown}


   Skills:
 + Level 3.7 Fighting
 + Level 4.2 Ranged Weapons
 - Level 1.5 Dodging
 - Level 0.7 Stealth


You had 3 spell levels left.
You didn't know any spells.
Your spell library was empty.

Dungeon Overview and Level Annotations

Branches:
Dungeon (4/15)
 Temple: D:4-7

Altars:

Annotations:
D:3 Robin


Innate Abilities, Weirdness & Mutations

You are immune to poison.
Your flesh is cold resistant. (rC+)
You are immune to negative energy. (rN+++)
You are immune to unholy pain and torment.
You are vulnerable to heat. (rF-)
You are in touch with the powers of death.
You do not drink.
You have a special connection with the divine. (Faith)


Message History

You shoot an arrow. The arrow barely misses the adder.
The adder barely misses you. The adder closely misses you.
You can't drink.
Sorry, you're not good enough to have a special ability.
You aren't carrying any items that you can evoke.
Unknown command.
Blink to where?
Press: ? - help, Dir - move target, p - adder
As you read the scroll labelled VAENLERIAF, it crumbles to dust.
It was a scroll of blinking.
Fire: a) +0 shortbow
Press: ? - help, Shift-Dir - straight line, f - adder
Aim: an adder (heavily wounded, 46% to hit)
You shoot an arrow. The arrow misses the adder.
Fire: a) +0 shortbow
Press: ? - help, Shift-Dir - straight line, f/p - adder
Aim: an adder (heavily wounded, 46% to hit)
You shoot an arrow. The arrow closely misses the adder.
Fire: a) +0 shortbow
Press: ? - help, Shift-Dir - straight line, f/p - adder
Aim: an adder (heavily wounded, 46% to hit)
You shoot an arrow. The arrow hits the adder.
The adder is severely wounded.
The dart slug launches a dart at you. The slug dart hits you.
* * * LOW HITPOINT WARNING * * *
The adder barely misses you.
Fire: a) +0 shortbow
Press: ? - help, Shift-Dir - straight line, f/p - adder
Aim: an adder (severely wounded, 46% to hit)
You shoot an arrow. The arrow hits the adder.
The adder is severely wounded.
The adder bites you.
* * * LOW HITPOINT WARNING * * *
The adder misses you.
Fire: a) +0 shortbow
Press: ? - help, Shift-Dir - straight line, f/p - adder
Aim: an adder (severely wounded, 46% to hit)
You shoot an arrow. The arrow misses the adder.
The adder bites you.
You die...

#.# #.#
###<#
.......†.#
...........
....###..###
.....##..##
........wS#
# ###@# #.#
#.. ..## ...
.... ##.#
#..


You could see an adder and a dart slug.

Vanquished Creatures
  Natasha (D:3)
  An adder (D:3)
  A worm (D:4)
  2 dart slugs
  5 ball pythons
  A bat (D:1)
  9 endoplasms
  2 giant cockroaches
  9 goblins
  7 hobgoblins
  7 jackals (D:2)
  5 kobolds
  5 quokkas
  2 frilled lizards (D:1)
  5 rats
62 creatures vanquished.

Vanquished Creatures (others)
  A withered plant (D:2)
1 creature vanquished.

Grand Total: 63 creatures vanquished

Notes
Turn   | Place    | Note
-------+----------+-------------------------------------------
     0 | D:1      | hikkokomori the Mummy Hunter began the quest for the Orb.
     0 | D:1      | Reached XP level 1. HP: 16/16 MP: 1/1
    93 | D:1      | Reached XP level 2. HP: 13/23 MP: 2/2
   772 | D:1      | Gained mutation: You are in touch with the powers of death.
                  | [Mummy growth]
   772 | D:1      | Reached XP level 3. HP: 28/28 MP: 3/3
  1084 | D:2      | Found a faded altar of an unknown god.
  1455 | D:2      | Reached skill level 4 in Ranged Weapons
  1601 | D:3      | Reached XP level 4. HP: 34/35 MP: 4/4
  1697 | D:3      | Noticed Natasha
  1703 | D:3      | Killed Natasha
  1725 | D:3      | Noticed Robin
  1759 | D:4      | HP: 1/37 [adder (1)]
  1760 | D:4      | Slain by an adder

Illustrated notes

Levels and vault maps discovered:
D:1:      amcnicky_arrival_underground_garden, layout_basic, chequers_jeans
D:2:      layout_basic, ebering_ecumenical_altar_petrified
D:3:      layout_basic, mainiacjoe_overflow_six_doors_small,
          grunt_decor_resistance, uniq_natasha, uniq_crazy_yiuf_cottage,
          uniq_robin
D:4:      layout_loops_ring, lemuel_doored_altar, nicolae_vehumet_altar_sigil,
          serial_shops, nicolae_shop_behind_doors, amcnicky_mini_pool_small,
          minmay_misc_feat_cross, uniq_menkaure

Skill      XL: |  1  2  3 |
---------------+----------+-----
Fighting       | 3 |  3.7
Ranged Weapons | 4 |  4.2
Dodging        | |  1.5
Stealth        | |  0.7

Action                     |  1- 3 |  4- 6 || total
---------------------------+-------+-------++-------
   Fire: Shortbow          |   132 |    42 ||   174
    Use: Scroll            |       |     1 ||     1
 Armour: Leather armour    |    12 |     8 ||    20
  Dodge: Dodged            |    40 |    23 ||    63

Table legend: (Time is in decaauts)
 A = Elapsed time spent in this place.
 B = Non-inter-level travel time spent in this place.
 C = Inter-level travel time spent in this place.
 D = Time resting spent in this place.
 E = Time spent auto-exploring this place.
 F = Levels seen in this place.
 G = Mean time per level.
                   A        B        C        D        E       F      G
               +--------+--------+--------+--------+--------+-----+--------+
         Total |   1817 |   1764 |     53 |      0 |   1433 |   4 |  454.2 |
       Dungeon |   1817 |   1764 |     53 |      0 |   1433 |   4 |  454.2 |
               +--------+--------+--------+--------+--------+-----+--------+

Top non-repeatable levels by time:
     D:1: 867 daAuts
     D:2: 775 daAuts
     D:3: 155 daAuts
     D:4: 19 daAuts
